 Dungeon Crawl Stone Soup version 0.21.1-1-g345015fe64 (webtiles) character file.

300 Htamos the Destroyer (level 6, -2/32 HPs)
             Began as a Deep Elf Conjurer on July 12, 2018.
             Slain by a centaur
             ... wielding a +0 whip
              (6 damage)
             ... on level 4 of the Dungeon.
             The game lasted 00:11:20 (3670 turns).

Htamos the Destroyer (Deep Elf Conjurer)            Turns: 3670, Time: 00:11:20

Health: -2/32      AC:  3    Str:  5      XL:     6   Next: 13%
Magic:  12/12      EV: 13    Int: 21 (22) God:
Gold:   101        SH:  0    Dex: 15      Spells: 6/11 levels left

rFire    . . .     SeeInvis .   d - +0 dagger
rCold    . . .     Gourm    .   (no shield)
rNeg     . . .     Faith    .   a - +1 robe
rPois    .         Spirit   .   (no helmet)
rElec    .         Reflect  .   (no cloak)
rCorr    .         Harm     .   (no gloves)
MR       .....                  (no boots)
Stlth    ++........             (no amulet)
HPRegen  0.10/turn              (no ring)
MPRegen  0.13/turn              (no ring)

@: very slightly contaminated
A: no striking features
a: no special abilities


You were on level 4 of the Dungeon.
You were not hungry.

You visited 1 branch of the dungeon, and saw 5 of its levels.
You also visited: Ossuary.

You collected 101 gold pieces.

Inventory:

Hand Weapons
 d - a +0 dagger (weapon)
 m - a +0 hunting sling
Missiles
 i - 14 poisoned needles
 k - 33 sling bullets
 n - 168 stones (quivered)
 o - 35 arrows
Armour
 a - a +1 robe (worn)
Jewellery
 l - an uncursed ring of magical power {unknown}
Scrolls
 f - 2 scrolls of identify
 h - a scroll of random uselessness
 r - a scroll of amnesia {unknown}
Potions
 e - a potion of curing {unknown}
 g - 2 potions of degeneration
 j - a potion of haste {unknown}
 p - a potion of magic
Books
 b - a book of Conjurations

   Spells                             Type                      Level
   a - Magic Dart                     Conjuration                  1
   b - Searing Ray                    Conjuration                  2
   c - Dazzling Spray                 Conjuration/Hexes            3
   d - Fulminant Prism                Conjuration/Hexes            4
   e - Force Lance                    Conjuration/Translocation    4
   f - Iskenderun's Mystic Blast      Conjuration                  4
Comestibles
 c - 9 rations
 q - 3 chunks of flesh


   Skills:
 - Level 2.4 Dodging
 - Level 2.4 Stealth
 - Level 3.0 Spellcasting
 + Level 8.1 Conjurations


You had 6 spell levels left.
You knew the following spells:

 Your Spells              Type           Power        Failure   Level  Hunger
a - Magic Dart            Conj           ####         1%          1    None
b - Iskenderun's Mystic   Conj           #####...     4%          4    ####...


Dungeon Overview and Level Annotations

Branches:
Dungeon (5/15)
 Temple: D:4-7

Altars:
Elyvilon
The Shining One

Annotations:
D:3 SlightEye's ghost, amateur DsAK


Message History

Confirm with . or Enter, or press ? or * to list all spells.
Aiming: Magic Dart
Press: ? - help, Shift-Dir - straight line, f - centaur
Aim: a centaur, wielding a whip and wearing a diamond ring You miscast Magic Dart.
You are very lightly contaminated with residual magic.
You are momentarily dazzled by a flash of light!
The centaur hits you with an uncursed whip.
* * * LOW HITPOINT WARNING * * *
Casting: Magic Dart
Confirm with . or Enter, or press ? or * to list all spells.
Aiming: Magic Dart
Press: ? - help, Shift-Dir - straight line, f/p - centaur
Aim: a centaur, wielding a whip and wearing a diamond ring The magic dart hits the centaur.
The centaur is moderately wounded.
The centaur barely misses you. The centaur closely misses you.
It was a potion of magic.
Magic courses through your body.
The centaur hits you with an uncursed whip.
You die...

... #.####.#..........#.#...
#g##....#.#.#......###.####
'g†.....#.........#........ #
#g................#...###
#.#.....###.#.#.....'....##
#..................##....##
#....##.###.#.###..##....##
#.......###c#.# #..##....##
#........)@...# #..##..[.##
####.#..##.###.### #..##....##
...#.#..##.###.#####..##....##
#...................##....##
#.##..#.............#.######.##
#.##..##>..................#.##
#.##....#########.#.#.####.#.##
###.###....# #.#.#.# #.#..#
........#..# #.#.#.# #.#..#


You could see a centaur.

Vanquished Creatures
  An ogre (D:4)
  A worker ant (D:4)
  A hound zombie (D:3)
  Robin (D:4)
  6 adders
  An ooze (D:1)
  3 worms
  3 dart slugs
  3 leopard geckos
  2 ball pythons (D:2)
  3 giant cockroaches
  13 goblins
  15 hobgoblins
  8 jackals
  A quokka (D:2)
  10 bats
  3 frilled lizards
  7 kobolds
  An orc zombie (Ossuary)
  2 quokka skeletons
  5 rats
90 creatures vanquished.

Vanquished Creatures (others)
  A quokka (D:5)
1 creature vanquished.

Grand Total: 91 creatures vanquished

Notes
Turn   | Place    | Note
-------+----------+-------------------------------------------
     0 | D:1      | Htamos the Deep Elf Conjurer began the quest for the Orb.
     0 | D:1      | Reached XP level 1. HP: 10/10 MP: 6/6
   126 | D:1      | Reached XP level 2. HP: 15/15 MP: 2/8
   347 | D:1      | Reached skill level 5 in Conjurations
   605 | D:1      | Reached XP level 3. HP: 12/19 MP: 0/9
  1095 | D:2      | Reached skill level 6 in Conjurations
  1134 | D:2      | Reached XP level 4. HP: 24/24 MP: 3/10
  1872 | D:2      | Found a glowing golden altar of the Shining One.
  2050 | D:3      | Noticed SlightEye's ghost (amateur DsAK)
  2322 | D:3      | Reached XP level 5. HP: 28/28 MP: 6/11
  2702 | D:3      | Learned a level 4 spell: Iskenderun's Mystic Blast
  2885 | D:3      | Reached skill level 7 in Conjurations
  2952 | D:3      | You fall through a shaft for 2 floors!
  2952 | D:5      | Entered Level 5 of the Dungeon
  2973 | D:5      | Noticed an ogre
  3046 | D:5      | Found a white marble altar of Elyvilon.
  3339 | D:4      | Noticed an ogre
  3346 | D:4      | Killed an ogre
  3364 | D:4      | Reached skill level 8 in Conjurations
  3364 | D:4      | Reached XP level 6. HP: 32/32 MP: 0/12
  3469 | D:4      | Found a sand-covered staircase.
  3474 | Ossuary  | Entered an ossuary
  3503 | D:4      | Noticed Robin
  3508 | D:4      | Killed Robin
  3670 | D:4      | Slain by a centaur

Skill      XL: |  1  2  3  4  5 |
---------------+----------------+-----
Conjurations   | 5 6 8 |  8.1
Dodging        | |  2.4
Stealth        | |  2.4
Spellcasting   | |  3.0

Action                   |  1- 3 |  4- 6 || total
-------------------------+-------+-------++-------
Melee: Unarmed           |     4 |       ||     4
       Dagger            |     3 |    28 ||    31
 Cast: Magic Dart        |    69 |   129 ||   198
       Iskenderun's Myst |       |     4 ||     4
  Use: Scroll            |     4 |     2 ||     6
       Potion            |       |     3 ||     3
 Stab: Invisible         |       |     2 ||     2
  Eat: Chunk             |     1 |     5 ||     6
       Ration            |       |     1 ||     1
Armor: Robe              |     5 |    14 ||    19
Dodge: Dodged            |    16 |    58 ||    74
